 Dungeon Crawl Stone Soup version 0.31-a0-145-g046c7d2549 (webtiles) character file.

Game seed: 3735684711649318627

2585 IndexError the Thaumaturge (level 9, -2/66 HPs)
             Began as a Djinni Conjurer on June 7, 2023.
             Was an Initiate of Ashenzari.
             Shot with an arrow by a centaur (6 damage)
             ... on level 8 of the Dungeon.
             The game lasted 00:07:43 (4828 turns).

IndexError the Thaumaturge (Djinni Conjurer)        Turns: 4828, Time: 00:07:44

Health: -2/66      AC:  6    Str: 15    XL:     9   Next: 88%
Gold:   267        EV: 12    Int: 24    God:    Ashenzari [......] SH:  0 Dex: 19

rFire   + + .        m - +1 short sword (venom)
rCold   x . .        (no shield)
rNeg    . . .        n - +1 leather armour of Tiwabbav {Str+3 Dex+7 Stlth-}
rPois   ∞            y - +0 helmet
rElec   .            (no cloak)
rCorr   .            o - +0 pair of gloves
SInv    .            (boots unavailable)
Will    .....        u - amulet of the acrobat
Stlth   +            v - +6 ring of strength
HPRegen 0.31/turn    (no ring)
MPRegen 0.00/turn

%: acrobat, infuse magic (-3 HP)
@: flying
A: sickness immunity, fire resistance 2, cold vulnerability 1, float, innate
caster, HP casting, extra vitality 1
a: Renounce Religion


You were on level 8 of the Dungeon.
You worshipped Ashenzari.
Ashenzari was noncommittal.
You visited 1 branch of the dungeon, and saw 7 of its levels.

You collected 267 gold pieces.

Inventory:

Hand Weapons
 m - a +1 short sword of venom (weapon)
   (You took it off a kobold on level 2 of the Dungeon)
 A - a +3 short sword of speed
   (You took it off Duvessa on level 5 of the Dungeon)
Armour
 n - the +1 leather armour of Tiwabbav (worn) {Str+3 Dex+7 Stlth-}
   (You found it on level 2 of the Dungeon)

   Str:       It affects your strength (+3).
   Dex:       It affects your dexterity (+7).
   Stlth:     It makes you less stealthy.
 o - a +0 pair of gloves (worn)
   (You found it on level 2 of the Dungeon)
 y - a +0 helmet (worn)
   (You found it on level 5 of the Dungeon)
Jewellery
 u - an amulet of the acrobat (around neck)
   (You found it on level 4 of the Dungeon)
 v - a +6 ring of strength (left hand)
   (You took it off an orc on level 4 of the Dungeon)
Scrolls
 d - a scroll of vulnerability {unknown}
 f - a scroll of amnesia {unknown}
 j - 2 scrolls of fear {unknown}
 k - a scroll of fog {unknown}
 l - a scroll of teleportation {unknown}
 q - 6 scrolls of identify {unknown}
 t - 2 scrolls of enchant weapon {unknown}
 x - 2 scrolls of poison {unknown}
Potions
 a - a potion of attraction {unknown}
 b - 2 potions of brilliance {unknown}
 c - a potion of magic {unknown}
 e - a potion of resistance {unknown}
 g - 3 potions of curing {unknown}
 h - 5 potions of enlightenment {unknown}
 i - a potion of might {unknown}
 p - 3 potions of mutation {unknown}
 r - a potion of lignification {unknown}
 s - a potion of berserk rage {unknown}
 w - a potion of heal wounds {unknown}
 z - 3 potions of degeneration {unknown}


   Skills:
 + Level 5.7 Fighting
 - Level 2.1 Dodging
 - Level 1.5 Stealth
 + Level 9.1 Spellcasting
 + Level 9.1 Conjurations
 + Level 9.1 Hexes
   Level 0.0 Charms
 + Level 9.1 Summonings
 + Level 9.1 Necromancy
 + Level 9.1 Translocations
 + Level 9.1 Transmutations
 + Level 9.1 Fire Magic
 + Level 9.1 Ice Magic
 + Level 9.1 Air Magic
 + Level 9.1 Earth Magic
 + Level 9.1 Poison Magic


You knew the following spells:

 Your Spells              Type           Power      Damage    Failure   Level
a - Magic Dart            Conj           100%       1d8       1%          1
b - Searing Ray           Conj           100%       2d8       1%          2
c - Dazzling Flash        Conj/Hex       100%       N/A       1%          3
d - Fulminant Prism       Conj/Hex       26%        3d14      1%          4
e - Ensorcelled Hibernat  Hex/Ice        100%       N/A       1%          2
f - Volatile Blastmotes   Fire/Tloc      100%       2d18      1%          3
g - Apportation           Tloc           100%       N/A       1%          1
w - Passwall              Tmut/Erth      44%        N/A       1%          2
x - Iskenderun's Mystic   Conj/Tloc      53%        2d11      1%          4
Your spell library was empty.

Dungeon Overview and Level Annotations

Branches:
Dungeon (8/15)
 Temple: D:4-7         Lair: D:8-11

Altars:
Ashenzari
Elyvilon
Hepliaklqana
Makhleb
Okawaru
Zin

Shops:
D:2 [

Portals:
Bailey: D:7

Annotations:
D:7 Maggie


Innate Abilities, Weirdness & Mutations

You are immune to sickness and miasma.
You are immune to poison.
Your flesh is very heat resistant. (rF++)
You are vulnerable to cold. (rC-)
You float through the air rather than walking.
You learn spells naturally, not from books.
Your magical power is your life essence.
You have superior vitality. (+4 MHP)


Message History

You take 1 damage, and have 57/65 hp.
The searing ray hits the black bear!
You finish channelling your searing ray.
You take 1 damage, and have 56/65 hp.
Casting: Searing Ray (safe; 1% risk of failure)
Confirm with . or Enter, or press ? or * to list all spells.
Aiming: Searing Ray (safe; 1% risk of failure)
Press: ? - help, Shift-Dir - straight line, f - black bear
Aim: a black bear (moderately wounded, 87% to hit)
The searing ray hits the black bear but does no damage. (Press . to maintain the ray.)
You take 2 damage, and have 54/65 hp.
The searing ray hits the black bear!
The searing ray hits the black bear.
The black bear goes berserk!
You take 1 damage, and have 53/65 hp.
The searing ray hits the black bear!
You finish channelling your searing ray.
You take 1 damage, and have 52/65 hp.
Unknown command.
A centaur comes into view.
It is wielding a +0 spear and quivering poisoned darts.
You regained 7 hp, and now have 59/65 hp.
The magic dart hits the centaur.
The centaur shouts!
The centaur unwields a +0 spear.
The centaur wields a +0 shortbow.
The centaur shoots an arrow.
The arrow misses you.
You take 1 damage, and have 58/65 hp.
The centaur shoots an arrow.
The arrow barely misses you.
The centaur shoots an arrow.
The arrow completely misses you.
Things that are here:
a black bear corpse; a water moccasin corpse The centaur shoots an arrow.
The arrow completely misses you.
The centaur shoots an arrow.
The arrow completely misses you.
The centaur shoots an arrow.
The arrow barely misses you.
The centaur shoots an arrow.
The arrow completely misses you.
You see here a water moccasin corpse.
The centaur unwields a +0 shortbow.
The centaur wields a +0 spear.
The centaur misses you. The centaur completely misses you.
The centaur hits you with a +0 spear. The centaur kicks you.
The centaur misses you. The centaur completely misses you.
You take 3 damage, and have 56/65 hp.
Casting: Magic Dart (safe; 1% risk of failure)
Confirm with . or Enter, or press ? or * to list all spells.
You erupt in a blast of force!
The mystic blast hits the centaur.
The centaur is knocked back by the mystic blast.
The centaur slams into the metal wall!
You hear a shout!
The centaur closely misses you.
The centaur kicks you but does no damage.
You take 4 damage, and have 52/65 hp.
Casting: Iskenderun's Mystic Blast (dangerous; 1% risk of failure)
Confirm with . or Enter, or press ? or * to list all spells.
You erupt in a blast of force!
The mystic blast hits the centaur!
The centaur is knocked back by the mystic blast.
The centaur slams into the metal wall!
You take 3 damage, and have 49/66 hp.
An orc comes into view. It is wielding a +0 short sword.
The magic dart hits the orc.
You take 1 damage, and have 49/66 hp.
The magic dart hits the orc!
You take 1 damage, and have 48/66 hp.
You can't see any susceptible monsters within range! (Use Z to cast anyway.)
A centaur comes into view.
You regained 8 hp, and now have 56/66 hp.
The magic dart hits the centaur.
The centaur shouts!
The centaur wields a +0 heavy shortbow.
The centaur shoots an arrow.
The arrow hits you!
You hear an angry growl.
You take 15 damage, and have 41/66 hp.
MASSIVE DAMAGE!!
The magic dart hits the centaur!
You take 1 damage, and have 40/66 hp.
The magic dart hits the centaur.
The centaur shoots an arrow.
The arrow barely misses you.
The magic dart hits the centaur.
A black bear comes into view.
The centaur shoots an arrow.
The arrow hits you!
You hear a shout!
You take 18 damage, and have 22/66 hp.
MASSIVE DAMAGE!!
You are too injured to fight recklessly!
The centaur shoots an arrow.
The arrow hits you but does no damage.
An orc wizard comes into view. It is wielding a +1 dagger of draining.
You hear a shout! x2
The centaur shoots an arrow.
The arrow hits you!
* * * LOW HITPOINT WARNING * * *
An orc comes into view. It is wielding a +0 short sword.
You take 14 damage, and have 8/66 hp.
MASSIVE DAMAGE!!
An orc comes into view. It is wielding a +0 hand axe.
The orc shouts!
An orc comes into view. It is wielding a +0 dagger.
Casting: Magic Dart (safe; 1% risk of failure)
Confirm with . or Enter, or press ? or * to list all spells.
You erupt in a blast of force!
The mystic blast hits the black bear!
The black bear is knocked back by the mystic blast.
The black bear collides with the orc wizard!
The mystic blast hits the centaur.
The centaur is knocked back by the mystic blast.
The orc shouts!
* * * LOW HITPOINT WARNING * * *
The centaur shoots an arrow.
The arrow hits you.
You die...

### #.# #.#
#.P......♣.....P #.#
.......P....... #.#
#..P........... #÷#
#............♣ ###÷#
#...........# ##.#.#
#.##.....#
##....######.).....####o
........†..†....@.ho.oo.
.#....########.....####.
.##.#.# #.##.c#
.####.### #.. ..# .#
#)..# #.##### .# #)..#
#.# ♣# #...# #.# # ##.##
#.# # #.#


You could see a black bear, a centaur, an orc wizard and 3 orcs.

Vanquished Creatures
  Pikel (D:5)
  A wyvern (D:8)
  5 water moccasins (D:8)
  Duvessa (D:5)
  An ice beast (D:5)
  4 black bears
  An ogre (D:4)
  A wolf (D:8)
  A centaur (D:8)
  3 lemures (D:5)
  A scorpion (D:5)
  2 wights (D:8)
  Dowan (D:5)
  A hound (D:4)
  3 orc priests
  2 iguanas (D:4)
  3 sleepcaps (D:5)
  10 adders
  A shadow imp (D:5)
  A white imp (D:8)
  An ufetubus (D:8)
  3 worms
  3 dart slugs
  11 orcs
  2 ball pythons (D:4)
  6 bats
  2 endoplasms
  A giant cockroach (D:2)
  3 goblins
  5 hobgoblins
  3 jackals (D:1)
  5 quokkas
  3 frilled lizards
  8 kobolds
  4 rats
104 creatures vanquished.

Notes
Turn   | Place    | Note
-------+----------+-------------------------------------------
     0 | D:1      | IndexError the Djinni Conjurer began the quest for the Orb.
     0 | D:1      | IndexError set off with the following spells memorised:
                  | Magic Dart, Searing Ray, Dazzling Flash, Fulminant Prism,
                  | Iskenderun's Mystic Blast.
     0 | D:1      | Reached XP level 1. HP: 15/15 MP: 0/0
   442 | D:1      | Reached XP level 2. HP: 21/21 MP: 0/0
   884 | D:2      | Reached XP level 3. HP: 24/25 MP: 0/0
   884 | D:2      | Learned a level 1 spell: Apportation
   889 | D:2      | Reached skill level 4 in Spellcasting
   889 | D:2      | Reached skill level 4 in Conjurations
   889 | D:2      | Reached skill level 4 in Hexes
   889 | D:2      | Reached skill level 4 in Summonings
   889 | D:2      | Reached skill level 4 in Necromancy
   889 | D:2      | Reached skill level 4 in Translocations
   889 | D:2      | Reached skill level 4 in Transmutations
   889 | D:2      | Reached skill level 4 in Fire Magic
   889 | D:2      | Reached skill level 4 in Ice Magic
   889 | D:2      | Reached skill level 4 in Air Magic
   889 | D:2      | Reached skill level 4 in Earth Magic
   889 | D:2      | Reached skill level 4 in Poison Magic
  1056 | D:2      | Identified the +1 leather armour of Tiwabbav {Str+3 Dex+7
                  | Stlth-}
  1209 | D:2      | Found a glowing silver altar of Zin.
  1276 | D:2      | Found Pixah's Antique Armour Shop.
  1609 | D:3      | Reached XP level 4. HP: 25/31 MP: 0/0
  2471 | D:4      | Found a burning altar of Makhleb.
  2493 | D:4      | Reached XP level 5. HP: 27/35 MP: 0/0
  2493 | D:4      | Learned a level 2 spell: Ensorcelled Hibernation
  2539 | D:4      | Reached skill level 5 in Spellcasting
  2539 | D:4      | Reached skill level 5 in Conjurations
  2539 | D:4      | Reached skill level 5 in Hexes
  2539 | D:4      | Reached skill level 5 in Summonings
  2539 | D:4      | Reached skill level 5 in Necromancy
  2539 | D:4      | Reached skill level 5 in Translocations
  2539 | D:4      | Reached skill level 5 in Transmutations
  2539 | D:4      | Reached skill level 5 in Fire Magic
  2539 | D:4      | Reached skill level 5 in Ice Magic
  2539 | D:4      | Reached skill level 5 in Air Magic
  2539 | D:4      | Reached skill level 5 in Earth Magic
  2539 | D:4      | Reached skill level 5 in Poison Magic
  2769 | D:4      | Noticed an ogre
  2778 | D:4      | Killed an ogre
  2779 | D:4      | Reached XP level 6. HP: 34/40 MP: 0/0
  3293 | D:5      | Entered Level 5 of the Dungeon
  3297 | D:5      | Reached skill level 6 in Spellcasting
  3297 | D:5      | Reached skill level 6 in Conjurations
  3297 | D:5      | Reached skill level 6 in Hexes
  3297 | D:5      | Reached skill level 6 in Summonings
  3297 | D:5      | Reached skill level 6 in Necromancy
  3297 | D:5      | Reached skill level 6 in Translocations
  3297 | D:5      | Reached skill level 6 in Transmutations
  3297 | D:5      | Reached skill level 6 in Fire Magic
  3297 | D:5      | Reached skill level 6 in Ice Magic
  3297 | D:5      | Reached skill level 6 in Air Magic
  3297 | D:5      | Reached skill level 6 in Earth Magic
  3297 | D:5      | Reached skill level 6 in Poison Magic
  3297 | D:5      | Reached XP level 7. HP: 41/45 MP: 0/0
  3297 | D:5      | Learned a level 2 spell: Passwall
  3494 | D:5      | Found a white marble altar of Elyvilon.
  3496 | D:5      | Found an iron altar of Okawaru.
  3631 | D:5      | Found a glowing silver altar of Zin.
  3739 | D:5      | Found a broken altar of Ashenzari.
  3805 | D:5      | Became a worshipper of Ashenzari the Shackled
  3953 | D:5      | Reached skill level 7 in Spellcasting
  3953 | D:5      | Reached skill level 7 in Conjurations
  3953 | D:5      | Reached skill level 7 in Hexes
  3953 | D:5      | Reached skill level 7 in Summonings
  3953 | D:5      | Reached skill level 7 in Necromancy
  3953 | D:5      | Reached skill level 7 in Translocations
  3953 | D:5      | Reached skill level 7 in Transmutations
  3953 | D:5      | Reached skill level 7 in Fire Magic
  3953 | D:5      | Reached skill level 7 in Ice Magic
  3953 | D:5      | Reached skill level 7 in Air Magic
  3953 | D:5      | Reached skill level 7 in Earth Magic
  3953 | D:5      | Reached skill level 7 in Poison Magic
  3973 | D:5      | Reached XP level 8. HP: 48/50 MP: 0/0
  3988 | D:5      | Noticed Pikel
  4000 | D:5      | Killed Pikel
  4001 | D:5      | Reached skill level 8 in Spellcasting
  4001 | D:5      | Reached skill level 8 in Conjurations
  4001 | D:5      | Reached skill level 8 in Hexes
  4001 | D:5      | Reached skill level 8 in Summonings
  4001 | D:5      | Reached skill level 8 in Necromancy
  4001 | D:5      | Reached skill level 8 in Translocations
  4001 | D:5      | Reached skill level 8 in Transmutations
  4001 | D:5      | Reached skill level 8 in Fire Magic
  4001 | D:5      | Reached skill level 8 in Ice Magic
  4001 | D:5      | Reached skill level 8 in Air Magic
  4001 | D:5      | Reached skill level 8 in Earth Magic
  4001 | D:5      | Reached skill level 8 in Poison Magic
  4124 | D:5      | Reached skill level 1 in Fighting
  4151 | D:4      | Found a hazy altar of Hepliaklqana.
  4171 | D:5      | Noticed Duvessa
  4179 | D:5      | Killed Duvessa
  4180 | D:5      | Reached skill level 2 in Fighting
  4182 | D:5      | Noticed Dowan
  4192 | D:5      | Killed Dowan
  4264 | D:5      | You are sucked into a shaft and drop 3 floors!
  4273 | D:7      | Noticed Maggie
  4273 | D:7      | Found a flagged portal.
  4335 | D:8      | Noticed a wyvern
  4343 | D:8      | Killed a wyvern
  4344 | D:8      | Reached skill level 3 in Fighting
  4344 | D:8      | Reached XP level 9. HP: 54/60 MP: 0/0
  4344 | D:8      | Learned a level 3 spell: Volatile Blastmotes
  4424 | D:8      | Reached skill level 4 in Fighting
  4733 | D:8      | Reached skill level 5 in Fighting
  4749 | D:8      | Reached skill level 9 in Spellcasting
  4749 | D:8      | Reached skill level 9 in Conjurations
  4749 | D:8      | Reached skill level 9 in Hexes
  4749 | D:8      | Reached skill level 9 in Summonings
  4749 | D:8      | Reached skill level 9 in Necromancy
  4749 | D:8      | Reached skill level 9 in Translocations
  4749 | D:8      | Reached skill level 9 in Transmutations
  4749 | D:8      | Reached skill level 9 in Fire Magic
  4749 | D:8      | Reached skill level 9 in Ice Magic
  4749 | D:8      | Reached skill level 9 in Air Magic
  4749 | D:8      | Reached skill level 9 in Earth Magic
  4749 | D:8      | Reached skill level 9 in Poison Magic
  4826 | D:8      | HP: 8/66 [centaur/arrow (15)]
  4828 | D:8      | Shot with an arrow by a centaur

Illustrated notes

Levels and vault maps discovered:
D:1:      evilmike_arrival_hilbert_curve, layout_basic, minmay_circled_x
D:2:      layout_rooms, basic_altar, serial_shops, nicolae_shop_crystal,
          minmay_small_reverse_x
D:3:      layout_basic
D:4:      layout_cave_pools, bloody_makhleb, nicolae_overflow_hidden_temple,
          nicolae_half_adder
D:5:      layout_loops_ring, lemuel_crystal_altar, grunt_temple_overflow_open,
          zin_statuary, uniq_duvessa, uniq_pikel
D:7:      layout_basic, minmay_temple_entry_sparse_star, enter_bailey_2,
          nicolae_stop_n_shop_2, uniq_crazy_yiuf_cottage, uniq_maggie
D:8:      layout_loops_corners, minmay_lair_entry_grove, serial_demonic,
          serial_demonic_b, serial_demonic_a, serial_demonic_e,
          serial_demonic_f, serial_demonic_b, serial_demonic_e, serial_demonic_a

Skill      XL: |  1  2  3  4  5  6  7  8  9 |
---------------+----------------------------+-----
Spellcasting   | 4 5 6 7 8 9 |  9.1
Conjurations   | 4 5 6 7 8 9 |  9.1
Hexes          | 4 5 6 7 8 9 |  9.1
Summonings     | 4 5 6 7 8 9 |  9.1
Necromancy     | 4 5 6 7 8 9 |  9.1
Translocations | 4 5 6 7 8 9 |  9.1
Transmutations | 4 5 6 7 8 9 |  9.1
Fire Magic     | 4 5 6 7 8 9 |  9.1
Ice Magic      | 4 5 6 7 8 9 |  9.1
Air Magic      | 4 5 6 7 8 9 |  9.1
Earth Magic    | 4 5 6 7 8 9 |  9.1
Poison Magic   | 4 5 6 7 8 9 |  9.1
Fighting       | 3 5 |  5.7
Dodging        | |  2.1
Stealth        | |  1.5

Action                     |  1- 3 |  4- 6 |  7- 9 || total
---------------------------+-------+-------+-------++-------
  Melee: Short sword       |       |       |     4 ||     4
   Cast: Magic Dart        |    66 |    93 |    68 ||   227
         Searing Ray       |       |     4 |    31 ||    35
         Iskenderun's Myst |       |     1 |     3 ||     4
 Armour: Robe              |     5 |       |       ||     5
         Leather armour    |       |     4 |     6 ||    10
  Dodge: Dodged            |     3 |    14 |    44 ||    61

Table legend: (Time is in decaauts)
 A = Elapsed time spent in this place.
 B = Non-inter-level travel time spent in this place.
 C = Inter-level travel time spent in this place.
 D = Time resting spent in this place.
 E = Time spent auto-exploring this place.
 F = Levels seen in this place.
 G = Mean time per level.
                   A        B        C        D        E       F      G
               +--------+--------+--------+--------+--------+-----+--------+
         Total |   4828 |   4462 |    366 |      2 |   3782 |   7 |  689.7 |
       Dungeon |   4828 |   4462 |    366 |      2 |   3782 |   7 |  689.7 |
               +--------+--------+--------+--------+--------+-----+--------+

Top non-repeatable levels by time:
     D:4: 1057 daAuts
     D:3: 918 daAuts
     D:5: 882 daAuts
     D:1: 774 daAuts
     D:2: 631 daAuts
     D:8: 562 daAuts
     D:7: 1 daAuts

Levels and vault maps discovered:
D:1:      evilmike_arrival_hilbert_curve, layout_basic, minmay_circled_x
D:2:      layout_rooms, basic_altar, serial_shops, nicolae_shop_crystal,
          minmay_small_reverse_x
D:3:      layout_basic
D:4:      layout_cave_pools, bloody_makhleb, nicolae_overflow_hidden_temple,
          nicolae_half_adder
D:5:      layout_loops_ring, lemuel_crystal_altar, grunt_temple_overflow_open,
          zin_statuary, uniq_duvessa, uniq_pikel
D:7:      layout_basic, minmay_temple_entry_sparse_star, enter_bailey_2,
          nicolae_stop_n_shop_2, uniq_crazy_yiuf_cottage, uniq_maggie
D:8:      layout_loops_corners, minmay_lair_entry_grove, serial_demonic,
          serial_demonic_b, serial_demonic_a, serial_demonic_e,
          serial_demonic_f, serial_demonic_b, serial_demonic_e, serial_demonic_a

Table legend: (Time is in decaauts)
 A = Elapsed time spent in this place.
 B = Non-inter-level travel time spent in this place.
 C = Inter-level travel time spent in this place.
 D = Time resting spent in this place.
 E = Time spent auto-exploring this place.
 F = Levels seen in this place.
 G = Mean time per level.
                   A        B        C        D        E       F      G
               +--------+--------+--------+--------+--------+-----+--------+
         Total |   4828 |   4462 |    366 |      2 |   3782 |   7 |  689.7 |
       Dungeon |   4828 |   4462 |    366 |      2 |   3782 |   7 |  689.7 |
               +--------+--------+--------+--------+--------+-----+--------+

Top non-repeatable levels by time:
     D:4: 1057 daAuts
     D:3: 918 daAuts
     D:5: 882 daAuts
     D:1: 774 daAuts
     D:2: 631 daAuts
     D:8: 562 daAuts
     D:7: 1 daAuts

Table legend:
 A = Kills in this place as a percentage of kills in the entire game.
 B = Kills by you in this place as a percentage of kills by you in the entire game.
 C = Kills by friends in this place as a percentage of kills by friends in the entire game.
 D = Other kills in this place as a percentage of other kills in the entire game.
 E = Experience gained in this place as a percentage of experience gained in the entire game.
 F = Experience gained in this place divided by the number of levels of this place that you have seen.
                   A       B       C       D       E      F
               +-------+-------+-------+-------+-------+----------------------
         Total | 100.0 | 100.0 |   N/A |   N/A | 100.0 | 527.6
       Dungeon | 100.0 | 100.0 |   N/A |   N/A | 100.0 | 527.6
               +-------+-------+-------+-------+-------+----------------------
